 Dungeon Crawl Stone Soup version 0.28.0-45-g0d030f2227 (webtiles) character file.

Game seed: 11851904619299905442

58 pkoi the Chiller (level 3, -9/26 HPs)
             Began as a Demigod Ice Elementalist on Apr 4, 2022.
             Mangled by a gnoll
             ... wielding a +0 halberd of freezing
              (11 damage)
             ... on level 2 of the Dungeon.
             The game lasted 00:02:20 (2185 turns).

pkoi the Chiller (Demigod Ice Elementalist)         Turns: 2185, Time: 00:02:21

Health: -9/26      AC:  3    Str:  9    XL:     3   Next: 51%
Magic:  14/17      EV: 12    Int: 21    God:
Gold:   76         SH:  0    Dex: 14    Spells: 1/5 levels left

rFire   . . .      SeeInvis .   b - +0 dagger
rCold   . . .      Faith    .   (no shield)
rNeg    . . .      Spirit   .   a - +0 robe
rPois   .          Reflect  .   (no helmet)
rElec   .          Harm     .   j - +0 cloak
rCorr   .          Rampage  .   (no gloves)
Will    .....                   (no boots)
Stlth   ++........              (no amulet)
HPRegen 0.08/turn               g - ring of magical power
MPRegen 0.15/turn               (no ring)

@: no status effects
A: high MP 1, forlorn, divine attributes
a: no special abilities


You were on level 2 of the Dungeon.
You visited 1 branch of the dungeon, and saw 3 of its levels.

You collected 76 gold pieces.

Inventory:

Hand Weapons
 b - a +0 dagger (weapon)
 d - a +0 whip
Armour
 a - a +0 robe (worn)
 j - a +0 cloak (worn)
Jewellery
 g - a ring of magical power (left hand)
Potions
 c - a potion of degeneration {unknown}
 e - a potion of cancellation
 f - 2 potions of curing {unknown}
 h - a potion of might {unknown}
 i - a potion of heal wounds


   Skills:
 - Level 1.7 Dodging
 - Level 1.7 Stealth
 - Level 1.7 Spellcasting
 + Level 5.0 Ice Magic


You had one spell level left.
You knew the following spells:

 Your Spells              Type           Power      Damage    Failure   Level
a - Freeze                Ice            88%        1d10      1%          1
b - Frozen Ramparts       Ice            44%        1d6       6%          3

Your spell library contained the following spells:

 Spells                   Type           Power      Damage    Failure   Level
 Ozocubu's Armour         Ice            22%        N/A       6%          3
 Hailstorm                Conj/Ice       12%        3d5       47%         4


Dungeon Overview and Level Annotations

Branches:
Dungeon (3/15)


Innate Abilities, Weirdness & Mutations

You have an increased reservoir of magic. (+10% MP)
You shall have no god before yourself.
Your divine heritage dramatically boosts your attributes as you level up.


Message History

The gnoll shouts!
The gnoll barely misses you. The gnoll misses you.
There is a stone staircase leading up here.
An orc comes into view. It is wielding a +0 dagger.
The orc shouts!
The gnoll closely misses you.
There is a stone staircase leading up here.
The gnoll hits you with a +0 halberd of freezing!
* * * LOW HITPOINT WARNING * * *
The gnoll freezes you.
* * * LOW HITPOINT WARNING * * *
You climb upwards.
There is a stone staircase leading down here.
Unknown command.
Aiming: Freeze (safe; 1% risk of failure)
Press: ? - help, Q - select action Shift-Dir - straight line, f - gnoll
Aim: a gnoll, wielding a +0 halberd of freezing You freeze the gnoll.
The gnoll is moderately wounded.
The gnoll hits you with a +0 halberd of freezing.
* * * LOW HITPOINT WARNING * * *
The gnoll freezes you.
* * * LOW HITPOINT WARNING * * *
Aiming: Freeze (safe; 1% risk of failure)
Press: ? - help, Q - select action Shift-Dir - straight line, f/p - gnoll
Aim: a gnoll, wielding a +0 halberd of freezing (moderately wounded)
You freeze the gnoll.
The gnoll is moderately wounded.
The gnoll hits you with a +0 halberd of freezing.
* * * LOW HITPOINT WARNING * * *
The gnoll freezes you.
* * * LOW HITPOINT WARNING * * *
Aiming: Freeze (safe; 1% risk of failure)
Press: ? - help, Q - select action Shift-Dir - straight line, f/p - gnoll
Aim: a gnoll, wielding a +0 halberd of freezing (moderately wounded)
You freeze the gnoll.
The gnoll is severely wounded.
The gnoll hits you with a +0 halberd of freezing!
You die...

.8....# ......#
...8..# _.....#
.8.8..# ......#
#######
.8....######.....#
###.......##.###g#
................@#
#######....#(#######
#### #....#.......#
...## #...#.....##.#
##..#
#..##.###.##.###
##.#
#.....#........#
#.####.####........#
#.##.....##........#
#.##.....##........#


You could see a gnoll.

Vanquished Creatures
  3 adders (D:2)
  A dart slug (D:1)
  An orc (D:2)
  4 endoplasms
  4 giant cockroaches
  3 goblins
  2 hobgoblins (D:1)
  A kobold (D:1)
  2 ball pythons (D:1)
  2 bats (D:1)
  2 frilled lizards
  2 rats (D:1)
27 creatures vanquished.

Notes
Turn   | Place    | Note
-------+----------+-------------------------------------------
     0 | D:1      | pkoi the Demigod Ice Elementalist began the quest for the
                  | Orb.
     0 | D:1      | Reached XP level 1. HP: 14/14 MP: 5/5
   406 | D:1      | Reached skill level 4 in Ice Magic
   598 | D:1      | Reached XP level 2. HP: 7/20 MP: 0/7
  1521 | D:2      | Reached XP level 3. HP: 25/26 MP: 8/8
  1527 | D:2      | Learned a level 3 spell: Frozen Ramparts
  2047 | D:2      | Reached skill level 5 in Ice Magic
  2185 | D:2      | Mangled by a gnoll

Illustrated notes

Levels and vault maps discovered:
D:1:      dpeg_arrival_water_fire, layout_rooms, chequers_serial_rivers_room_a
D:2:      layout_basic, ebering_ecumenical_altar_ruins, minmay_door_square,
          amcnicky_mini_corridor_feature
D:3:      layout_basic, mainiacjoe_overflow_catwalk, minmay_tree_intersection

Skill      XL: |  1  2  3 |
---------------+----------+-----
Ice Magic      | 4 5 |  5.0
Dodging        | |  1.7
Stealth        | |  1.7
Spellcasting   | |  1.7

Action                   || total
-------------------------++-------
Melee: Dagger            ||    26
 Cast: Freeze            ||    48
  Use: Scroll            ||     4
Armor: Robe              ||    11
Dodge: Dodged            ||    36
